 Dungeon Crawl Stone Soup version 0.22-a0-880-gb7b0c8b (webtiles) character file.

3624 inc the Thaumaturge (level 9, -4/57 HPs)
             Began as a Mummy Fire Elementalist on July 30, 2018.
             Was an Initiate of Gozag.
             Killed by divine providence
             ... invoked by an orc priest
              (13 damage)
             ... on level 8 of the Dungeon.
             The game lasted 00:16:49 (10652 turns).

inc the Thaumaturge (Mummy Fire Elementalist)      Turns: 10652, Time: 00:16:49

Health: -4/57      AC:  3    Str: 12    XL:     9   Next: 87%
Magic:  2/22       EV: 11    Int: 19    God:    Gozag
Gold:   773        SH:  4    Dex: 12    Spells: 15/26 levels left

rFire    + . .     SeeInvis .   s - +4 flail (venom)
rCold    + + .     Gourm    .   B - +0 buckler
rNeg     + + +     Faith    .   D - +1 robe {MR+}
rPois    ∞         Spirit   .   (no helmet)
rElec    .         Reflect  .   p - scarf {rC+ rF+}
rCorr    .         Harm     .   (no gloves)
MR       ++...                  (no boots)
Stlth    ++........             (no amulet)
HPRegen  0.19/turn              b - ring of protection from fire
MPRegen  0.18/turn              d - +2 ring of intelligence

@: gold aura
A: no food or potions, fire vulnerability, cold resistance 1, negative energy
resistance 3, torment resistance, unbreathing
a: Potion Petition, Call Merchant, Bribe Branch, Renounce Religion


You were on level 8 of the Dungeon.
You worshipped Gozag.
Gozag was pleased with you.
You were not hungry.

You visited 2 branches of the dungeon, and saw 9 of its levels.

You collected 911 gold pieces.
You paid 138 gold pieces to Gozag.

Inventory:

Hand Weapons
 e - a +0 short sword
 g - a +0 spear
 n - a +0 blowgun
 s - a +4 flail of venom (weapon)
Missiles
 h - 49 poisoned needles
Armour
 i - a +0 cloak
 p - a scarf of resistance (worn)
 v - a +1 ring mail of positive energy
 B - a +0 buckler (worn)
 C - a +1 leather armour of cold resistance
 D - a +1 robe of magic resistance (worn)
Jewellery
 b - a ring of protection from fire (left hand)
 d - a +2 ring of intelligence (right hand)
 o - an uncursed ring of ice
 t - a cursed -2 ring of evasion {unknown}
 y - an uncursed ring of ice
Wands
 r - a wand of flame (30)
 A - a wand of random effects (16)
Scrolls
 a - a scroll of blinking {unknown}
 c - 4 scrolls of teleportation
 f - 5 scrolls of remove curse
 j - 2 scrolls of random uselessness {unknown}
 k - 4 scrolls of fear
 l - 2 scrolls of amnesia
 m - a scroll of magic mapping {unknown}
 q - a scroll of enchant weapon {unknown}
 u - 2 scrolls of immolation {unknown}
 w - 2 scrolls of enchant armour {unknown}
 x - 2 scrolls of identify {unknown}
Potions
 z - a potion of haste


   Skills:
 - Level 1.5 Dodging
 - Level 1.5 Stealth
 + Level 1.7 Shields
 - Level 9.3 Spellcasting
 - Level 7.2 Conjurations
 - Level 7.2 Fire Magic


You had 15 spell levels left.
You knew the following spells:

 Your Spells              Type           Power        Failure   Level  Hunger
a - Flame Tongue          Conj/Fire      #####        1%          1    N/A
b - Conjure Flame         Conj/Fire      #####...     1%          3    N/A
c - Sticky Flame          Conj/Fire      #####...     5%          4    N/A
d - Inner Flame           Hex/Fire       ###.....     7%          3    N/A

Your spell library contained the following spells:

 Spells                   Type           Power        Failure   Level  Hunger
 Fireball                 Conj/Fire      #####.....   14%         5    N/A
 Lightning Bolt           Conj/Air       ###.......   54%         5    N/A
 Throw Flame              Conj/Fire      #####.       1%          2    N/A
 Shock                    Conj/Air       ###.         2%          1    N/A
 Swiftness                Chrm/Air       #.......     16%         2    N/A
 Airstrike                Air            #.........   71%         4    N/A
 Static Discharge         Conj/Air       ###.....     7%          3    N/A

Dungeon Overview and Level Annotations

Branches:
Dungeon (8/15)             Temple (1/1) D:6
   Lair: D:8-11

Altars:
Cheibriados
Dithmenos
Elyvilon
Fedhas
Gozag
Hepliaklqana
Kikubaaqudgha
Makhleb
Nemelex Xobeh
Okawaru
Qazlal
Ru
Sif Muna
Trog
Uskayaw
Wu Jian
Xom
Yredelemnul
Zin
The Shining One

Annotations:
D:6 dig
D:8 2 transporters


Innate Abilities, Weirdness & Mutations

You do not eat or drink.
Your flesh is vulnerable to fire.
You are immune to poison.
Your flesh is cold resistant. (rC+)
You are immune to negative energy. (rN+++)
You are immune to unholy pain and torment.
You can survive without breathing.


Message History

Aiming: Flame Tongue (safe; 1% risk of failure)
Press: ? - help, Shift-Dir - straight line, f/p - orc priest
Aim: an orc priest, wielding a flail (moderately wounded)
The flame tongue hits the orc priest.
The orc priest is severely wounded.
Casting: Flame Tongue (safe; 1% risk of failure)
Confirm with . or Enter, or press ? or * to list all spells.
Aiming: Sticky Flame (safe; 5% risk of failure)
Press: ? - help, Shift-Dir - straight line, f/p - orc priest
Aim: an orc priest, wielding a flail (severely wounded)
The sticky flame hits the orc priest.
The orc priest is almost dead.
The orc priest is covered in liquid flames!
The orc priest burns!
You kill the orc priest!
An orc priest comes into view. It is wielding a mace.
The orc priest mumbles some strange prayers to Beogh against you.
Beogh smites you!
You die...
Your body crumbles into a pile of gold.

..................#
#.#
########.#.########
#.. ####....##
###### ##.
#...###.# ..#..#
#.......# ##.....#
#......># #.......
#...∩..######...#
##.......o......#
#.....######@..#
#..#.## #...#
#(##.# #...# ####$#
#...# #$#######.###
##$.o.....#######
###.##.#<.......
##%............
#.....o...#######


You could see an orc priest.

Vanquished Creatures
  Erica (D:8)
  A hippogriff (D:7)
  A spriggan (D:7)
  Eustachio (D:6)
  A hungry ghost (D:5)
  Edmund (D:4)
  An ice beast (D:8)
  2 orc warriors
  2 sky beasts
  4 ogres
  A necrophage (D:8)
  2 bullfrogs
  A scorpion (D:4)
  4 wights (D:7)
  A howler monkey (D:7)
  3 crimson imps
  2 quasits
  A hound (D:4)
  3 orc priests
  Crazy Yiuf (D:3)
  A gnoll shaman (D:6)
  2 orc wizards
  4 iguanas
  2 worker ants
  A hound zombie (D:6)
  A hound skeleton (D:7)
  A worker ant zombie (D:7)
  11 adders
  7 gnolls
  2 shadow imps
  A white imp (D:8)
  An ufetubus (D:8)
  An ooze (D:1)
  An adder skeleton (D:6)
  3 worms
  3 dart slugs
  An adder simulacrum (D:8)
  6 leopard geckos
  27 orcs
  A ball python (D:5)
  9 giant cockroaches
  9 hobgoblins
  23 jackals
  5 quokkas
  A ball python skeleton (D:4)
  10 bats
  6 frilled lizards
  11 goblins
  A jackal skeleton (D:5)
  15 kobolds
  2 leopard gecko skeletons
  A quokka simulacrum (D:8)
  9 rats
213 creatures vanquished.

Notes
Turn   | Place    | Note
-------+----------+-------------------------------------------
     0 | D:1      | inc the Mummy Fire Elementalist began the quest for the Orb.
     0 | D:1      | Reached XP level 1. HP: 13/13 MP: 4/4
     6 | D:1      | Reached skill level 1 in Conjurations
   461 | D:1      | Reached XP level 2. HP: 19/19 MP: 2/5
   998 | D:1      | Reached XP level 3. HP: 23/24 MP: 0/7
  1425 | D:2      | Found a shimmering altar of Xom.
  1533 | D:1      | HP: 1/24 [bat (1)]
  1856 | D:2      | Learned a level 3 spell: Conjure Flame
  2103 | D:2      | Reached XP level 4. HP: 30/30 MP: 6/8
  2242 | D:2      | Found a glowing golden altar of the Shining One.
  2703 | D:2      | Found an iron altar of Okawaru.
  3839 | D:3      | Found a sacrificial altar of Ru.
  3841 | D:3      | Reached XP level 5. HP: 35/35 MP: 7/9
  3900 | D:3      | Found a runed door.
  4020 | D:3      | Noticed Crazy Yiuf
  4029 | D:3      | Killed Crazy Yiuf
  4110 | D:3      | Learned a level 4 spell: Sticky Flame
  4317 | D:4      | Reached skill level 3 in Spellcasting
  4502 | D:4      | Reached XP level 6. HP: 41/41 MP: 8/11
  5048 | D:4      | Noticed Edmund
  5074 | D:4      | Killed Edmund
  5074 | D:4      | Reached skill level 4 in Spellcasting
  5480 | D:4      | Reached XP level 7. HP: 46/46 MP: 7/13
  5507 | D:4      | Found a burning altar of Makhleb.
  5824 | D:5      | Entered Level 5 of the Dungeon
  6039 | D:5      | Found a burning altar of Makhleb.
  6084 | D:5      | Noticed a hungry ghost
  6102 | D:5      | Killed a hungry ghost
  6102 | D:5      | Reached skill level 5 in Spellcasting
  6992 | D:6      | Noticed Eustachio
  7003 | D:6      | Killed Eustachio
  7003 | D:6      | Reached skill level 6 in Spellcasting
  7003 | D:6      | Reached skill level 5 in Conjurations
  7003 | D:6      | Reached skill level 5 in Fire Magic
  7003 | D:6      | Reached XP level 8. HP: 37/52 MP: 0/17
  7545 | D:6      | Learned a level 3 spell: Inner Flame
  7563 | D:6      | Found a staircase to the Ecumenical Temple.
  7678 | Temple   | Entered the Ecumenical Temple
  7818 | Temple   | Became a worshipper of Gozag Ym Sagoz the Greedy
  8226 | D:6      | Reached skill level 7 in Spellcasting
  8726 | D:6      | Found a glowing silver altar of Zin.
  9019 | D:7      | Noticed a hippogriff
  9025 | D:7      | Killed a hippogriff
  9025 | D:7      | Reached XP level 9. HP: 52/57 MP: 8/20
  9187 | D:7      | Reached skill level 8 in Spellcasting
  9198 | D:7      | Found a blossoming altar of Fedhas.
  9570 | D:7      | Found a shadowy altar of Dithmenos.
 10150 | D:8      | Found an ancient bone altar of Kikubaaqudgha.
 10150 | D:8      | Noticed a cyclops
 10154 | D:8      | Found a transporter.
 10163 | D:8      | Found a transporter.
 10230 | D:8      | Found a stormy altar of Qazlal.
 10241 | D:8      | Found a sparkling altar of Nemelex Xobeh.
 10242 | D:8      | Noticed Erica
 10258 | D:8      | Killed Erica
 10258 | D:8      | Reached skill level 9 in Spellcasting
 10578 | D:8      | Reached skill level 1 in Shields
 10652 | D:8      | Killed from afar by an orc priest

Vault maps used:
D:1:      dpeg_arrival_tiny_d, grunt_decor_mini_mirrors
D:2:      minmay_wonky_spiral, old_standard_altar, overflow_temple_1_default,
          kennysheep_okawaru_gauntlet, first_ration,
          minmay_randomly_rotated_circles
D:3:      lemuel_coloured_pillars_altar, uniq_crazy_yiuf_cottage
D:4:      lightli_temple_of_fire, item_on_display_a, uniq_edmund
D:5:      bloody_makhleb
D:6:      zin_scriptorium, temple_fountains, minmay_misc_feat_chi, st_stairs_13,
          uniq_eustachio
D:7:      nicolae_overflow_crystal_walls, overflow_temple_1_default, the_bakery,
          minmay_misc_feat_plants
D:8:      overflow_temple_1_default, overflow_temple_1_default, kennysheep_mini,
          gammafunk_temple_overflow_arena, old_standard_altar, serial_ice,
          serial_ice_e, serial_ice_n, serial_ice_b, serial_ice_c, serial_ice_j,
          serial_ice_m, serial_ice_d, serial_ice_h, serial_ice_a, serial_ice_o,
          grunt_ministairs_3, uniq_erica, uniq_maurice
Temple:   kb_temple_of_zot

Skill      XL: |  1  2  3  4  5  6  7  8  9 |
---------------+----------------------------+-----
Conjurations   | 1 2 3 4 5 6 7 |  7.2
Fire Magic     | 3 4 5 6 7 |  7.2
Spellcasting   | 3 4 6 7 9 |  9.3
Shields        | 1 |  1.7
Dodging        | |  1.5
Stealth        | |  1.5

Action                   |  1- 3 |  4- 6 |  7- 9 || total
-------------------------+-------+-------+-------++-------
Melee: Unarmed           |    22 |       |       ||    22
       Short sword       |     4 |       |       ||     4
       Spear             |    20 |    16 |       ||    36
       Flail             |       |       |    28 ||    28
 Cast: Flame Tongue      |    81 |   167 |   258 ||   506
       Conjure Flame     |     1 |     1 |     2 ||     4
       Sticky Flame      |       |     1 |    18 ||    19
       Inner Flame       |       |       |     1 ||     1
Invok: Potion Petition   |       |       |     1 ||     1
  Use: Scroll            |       |     2 |     2 ||     4
Armor: Robe              |    36 |    20 |    12 ||    68
       Leather armour    |       |       |    30 ||    30
Dodge: Dodged            |    93 |    75 |   105 ||   273
Block: Buckler           |       |       |     5 ||     5

Table legend:
 A = Spawn XP
 B = Non-spawn XP
 C = Spawn XP percentage of total XP
 D = Spawn monster count
 E = Non-spawn monster count
 F = Spawn count percentage of total count
 G = Total turns spent on level
                    A         B        C        D         E        F      G
               +---------+---------+-------+---------+---------+-------+---------
         Total |       0 |    5178 |   0.0 |       0 |     213 |   0.0 | 10652
               +---------+---------+-------+---------+---------+-------+---------
           D:1 |       0 |      51 |   0.0 |       0 |      27 |   0.0 |  1722
           D:2 |       0 |      85 |   0.0 |       0 |      28 |   0.0 |  1164
           D:3 |       0 |     109 |   0.0 |       0 |      29 |   0.0 |  1380
           D:4 |       0 |     517 |   0.0 |       0 |      29 |   0.0 |  1656
           D:5 |       0 |     512 |   0.0 |       0 |      21 |   0.0 |  1468
           D:6 |       0 |    1027 |   0.0 |       0 |      28 |   0.0 |  1168
           D:7 |       0 |    1388 |   0.0 |       0 |      29 |   0.0 |  1354
           D:8 |       0 |    1489 |   0.0 |       0 |      22 |   0.0 |   533
               +---------+---------+-------+---------+---------+-------+---------
